Red Wings vs Senateurs

Created - 10 février 2016 at 22:57

Goals
1 2 3 T
Red Wings 1 3 1 5
Senateurs 1 3 0 4
Shots
1 2 3 T
Red Wings 8 14 8 30
Senateurs 9 15 6 30

1st period

1. Senateurs , Andy Hilbert 9 (Brandon Dubinsky, Erik Karlsson) at 16:18
2. Red Wings , Jason Spezza 33 (Rick Nash, Martin Havlat) at 18:23

Penalties :
Darcy Hordichuk (Ott) for Hooking (Minor) at 4:17

2nd period

3. Senateurs , Brenden Morrow 23 (Jean-Pierre Dumont) at 5:55 (PP)
4. Senateurs , Jean-Pierre Dumont 18 (Daymond Langkow) at 7:08
5. Red Wings , Ales Hemsky 14 (Mike Richards, Maxim Kondratiev) at 11:09 (PP)
6. Red Wings , Martin Havlat 17 (Rick Nash, Jason Spezza) at 11:23
7. Senateurs , Andy Hilbert 10 (Vitaly Vishnevsky, Ales Kotalik) at 13:23
8. Red Wings , Mike Brown 8 (Alex Picard, Shea Weber) at 14:16

Penalties :
Richard Jackman (Det) for Roughing (Minor) at 5:08, Ales Kotalik (Ott) for Tripping (Minor) at 10:40

3rd period

9. Red Wings , Adam Henrique 4 (Nate Thompson) at 8:29

Penalties :
Christian Backman (Det) for Roughing (Minor) at 4:16, Shea Weber (Det) for Tripping (Minor) at 8:42

Goalie Stats

Jonathan Quick (Det), 26 saves from 30 shots - (0,867), W, 21-13-5, 60:00 minutes
Ondrej Pavelec (Ott), 25 saves from 30 shots - (0,833), L, 24-11-4, 58:45 minutes

Players Stats for Red Wings

Player Name              G  A  P  +/- PIM S  H  SB GA TA FO     MP     PP MP  PK MP  
------------------------------------------------------------------------------------
Adam Henrique            1  0  1   0  0   1  1  1  0  1  0/0    12:31   0:03   0:00 
Ales Hemsky              1  0  1  -1  0   3  0  0  0  0  0/0    14:59   1:03   0:00 
Alex Picard              0  1  1   1  0   2  1  0  0  0  0/0    11:54   0:03   0:53 
Christian Backman        0  0  0   0  2   0  1  1  0  0  0/0    14:08   0:34   1:19 
Jason Spezza             1  1  2   1  0   4  2  1  0  2  13/33  22:01   1:22   2:51 
Martin Havlat            1  1  2   1  0   3  4  0  0  0  0/1    19:07   1:22   1:01 
Maxim Kondratiev         0  1  1   2  0   0  1  2  0  1  0/0    18:07   1:23   1:53 
Mike Brown               1  0  1   1  0   1  0  0  0  0  0/0    11:01   0:03   0:00 
Mike Richards            0  1  1  -1  0   4  1  0  0  0  1/5    16:19   1:03   1:01 
Nate Thompson            0  1  1   0  0   2  2  0  0  0  1/3    10:12   0:00   0:00 
Ossi Vaananen            0  0  0   0  0   0  3  0  0  1  0/0    13:55   0:34   0:00 
Paul Martin              0  0  0  -1  0   1  1  2  0  1  0/0    27:21   0:31   2:52 
Richard Jackman          0  0  0   2  2   0  4  0  0  0  0/0    19:11   1:23   1:51 
Rick Nash                0  2  2   1  0   2  1  1  1  3  1/4    21:45   1:22   2:51 
Robert Dome              0  0  0   0  0   2  1  0  0  0  0/0    11:58   0:00   0:53 
Sean Bergenheim          0  0  0  -1  0   0  1  0  0  0  1/1    15:06   1:03   0:00 
Shawn Horcoff            0  0  0   1  0   1  1  0  1  0  2/2     9:35   0:00   0:00 
Shea Weber               0  1  1  -1  2   4  2  0  2  0  0/0    26:02   0:31   1:35 

Players Stats for Senateurs

Player Name              G  A  P  +/- PIM S  H  SB GA TA FO     MP     PP MP  PK MP  
------------------------------------------------------------------------------------
Ales Kotalik             0  1  1   2  2   1  1  1  0  0  2/2    11:16   0:01   0:00 
Andrew Ebbett            0  0  0   0  0   2  2  0  0  1  4/6    15:34   2:11   0:34 
Andy Hilbert             2  0  2   2  0   6  3  1  0  0  1/1    11:54   0:00   0:59 
Andy McDonald            0  0  0   0  0   3  1  0  1  0  0/1    13:53   0:01   0:31 
B.J. Crombeen            0  0  0  -2  0   1  0  0  1  0  0/0    11:44   0:01   0:00 
Brandon Dubinsky         0  1  1   2  0   2  1  1  0  0  2/4    10:55   0:00   0:00 
Brenden Morrow           1  0  1  -1  0   4  3  1  1  0  2/2    21:20   2:33   1:25 
Carlo Colaiacovo         0  0  0  -1  0   0  2  2  0  0  0/0    18:26   1:52   0:45 
Dan Hamhuis              0  0  0  -1  0   0  0  1  0  1  0/0    19:25   1:52   0:45 
Darcy Hordichuk          0  0  0  -2  2   0  2  0  0  0  1/1    13:48   2:11   0:29 
Daymond Langkow          0  1  1  -1  0   2  0  0  0  0  17/27  20:25   2:33   0:29 
Erik Karlsson            0  1  1   0  0   1  1  0  0  1  0/0    14:09   0:00   0:00 
Jean-Pierre Dumont       1  1  2  -1  0   3  1  0  2  0  1/3    20:25   2:33   0:29 
Kurtis Foster            0  0  0   0  0   1  1  0  1  1  0/0    27:25   2:53   1:43 
Olli Jokinen             0  0  0  -2  0   0  1  0  0  0  0/2    11:19   0:00   0:00 
Todd Bertuzzi            0  0  0   0  0   2  2  0  0  0  0/0    14:57   2:11   0:00 
Vitaly Vishnevsky        0  1  1   0  0   2  1  3  3  0  0/0    27:25   2:53   1:43 
Vladimir Mihalik         0  0  0   0  0   0  1  0  0  0  0/0    13:10   0:00   0:00 

3 Stars

1 - Andy Hilbert (Ott)
2 - Martin Havlat (Det)
3 - Jason Spezza (Det)

Power Play

Red Wings - 1 on 2 Attempt(s) - 50,00%
Senateurs - 1 on 3 Attempt(s) - 33,33%

Penalty Kill

Red Wings - 2 on 3 Attempt(s) - 66,67% - Score 0 goal in Penalty Kill
Senateurs - 1 on 2 Attempt(s) - 50,00% - Score 0 goal in Penalty Kill

Team Stat

Red Wings - Hits : 27 - Faceoff Wins : 19 - Blocked Shots : 8 - Penalty Minutes : 6
Senateurs - Hits : 23 - Faceoff Wins : 30 - Blocked Shots : 10 - Penalty Minutes : 4

Official

Referees : Furlatt Eric and Martell Rob
Linesman : Tony Sericolo and Scott Driscoll

Game Notes

No Game Note

Finance

Level 1 -- Attendance: 6000 (100,00%) -- Ticket Income 480 000 $
Level 2 -- Attendance: 5000 (100,00%) -- Ticket Income 260 000 $
Level 3 -- Attendance: 1606 (80,30%) -- Ticket Income 52 998 $
Level 4 -- Attendance: 4000 (100,00%) -- Ticket Income 76 000 $
Luxury Box -- Attendance: 987 (98,70%) -- Ticket Income 154 959 $
Game was played at the Place Banque Scotia.
Total Attendance: 17593 (97,74%)
Total Ticket Income: 1 023 957 $
Other Income: 153 594 $
Total Income: 1 177 551 $

Red Wings

5 vs 5 Forward 
   Center                   Left Wing                Right Wing               Time % Phy DF OF 
 1 Jason Spezza             Rick Nash                Martin Havlat            40     1   2  2  
 2 Mike Richards            Sean Bergenheim          Ales Hemsky              30     1   2  2  
 3 Shawn Horcoff            Alex Picard              Mike Brown               20     1   2  2  
 4 Nate Thompson            Adam Henrique            Robert Dome              10     1   2  2  

5 vs 5 Defense 
   Defense                  Defense                                           Time % Phy DF OF 
 1 Shea Weber               Paul Martin                                       40     1   2  2  
 2 Richard Jackman          Maxim Kondratiev                                  30     1   2  2  
 3 Ossi Vaananen            Christian Backman                                 20     1   2  2  
 4 Shea Weber               Paul Martin                                       10     1   2  2  

PowerPlay Forward 
   Center                   Left Wing                Right Wing               Time % Phy DF OF 
 1 Jason Spezza             Rick Nash                Martin Havlat            60     1   2  2  
 2 Mike Richards            Sean Bergenheim          Ales Hemsky              40     1   2  2  

PowerPlay Defense
   Defense                  Defense                                           Time % Phy DF OF 
 1 Shea Weber               Paul Martin                                       60     1   2  2  
 2 Richard Jackman          Maxim Kondratiev                                  40     1   2  2  

Penalty Kill 4 Players Forward 
   Center                   Wing                     Time % Phy DF OF 
 1 Rick Nash                Jason Spezza             60     1   2  2  
 2 Mike Richards            Martin Havlat            40     1   2  2  

Penalty Kill 4 Players Defense
   Defense                  Defense                  Time % Phy DF OF 
 1 Shea Weber               Paul Martin              60     1   2  2  
 2 Richard Jackman          Maxim Kondratiev         40     1   2  2  

Penalty Kill - 3 Players Forward 
   Forward                                           Time % Phy DF OF 
 1 Rick Nash                                         60     1   2  2  
 2 Jason Spezza                                      40     1   2  2  

Penalty Kill - 3 Players Defense
   Defense                  Defense                  Time % Phy DF OF 
 1 Shea Weber               Paul Martin              60     1   2  2  
 2 Richard Jackman          Maxim Kondratiev         40     1   2  2  

4 vs 4 Forward 
   Center                   Wing                     Time % Phy DF OF 
 1 Rick Nash                Jason Spezza             60     1   2  2  
 2 Mike Richards            Martin Havlat            40     1   2  2  

4 vs 4 Defense
   Defense                  Defense                  Time % Phy DF OF 
 1 Shea Weber               Paul Martin              60     1   2  2  
 2 Richard Jackman          Maxim Kondratiev         40     1   2  2  

Last Minutes Offensive
   Center                   Left Wing                Right Wing               Defense                  Defense                  
   Jason Spezza             Rick Nash                Martin Havlat            Shea Weber               Paul Martin              

Last Minutes Defensive
   Center                   Left Wing                Right Wing               Defense                  Defense                  
   Jason Spezza             Rick Nash                Martin Havlat            Shea Weber               Paul Martin              

Goaltenders
Starting : Jonathan Quick           
Backup : Scott Clemmensen         

Extra Forwards
Normal : Adam Henrique, Alex Picard, Robert Dome - PP : Adam Henrique, Alex Picard - PK : Robert Dome
Extra Defensemen
Normal : Ossi Vaananen, Christian Backman, Richard Jackman - PP : Ossi Vaananen - PK : Christian Backman, Richard Jackman
Penalty Shots
Rick Nash, Jason Spezza, Mike Richards, Martin Havlat, Sean Bergenheim

Senateurs

5 vs 5 Forward 
   Center                   Left Wing                Right Wing               Time % Phy DF OF 
 1 Daymond Langkow          Brenden Morrow           Jean-Pierre Dumont       39     1   2  2  
 2 Andrew Ebbett            Andy McDonald            Todd Bertuzzi            29     1   2  2  
 3 Olli Jokinen             Darcy Hordichuk          B.J. Crombeen            20     1   2  2  
 4 Brandon Dubinsky         Andy Hilbert             Ales Kotalik             12     1   2  2  

5 vs 5 Defense 
   Defense                  Defense                                           Time % Phy DF OF 
 1 Vitaly Vishnevsky        Kurtis Foster                                     40     1   2  2  
 2 Dan Hamhuis              Carlo Colaiacovo                                  30     1   2  2  
 3 Vladimir Mihalik         Erik Karlsson                                     20     1   2  2  
 4 Vitaly Vishnevsky        Kurtis Foster                                     10     1   2  2  

PowerPlay Forward 
   Center                   Left Wing                Right Wing               Time % Phy DF OF 
 1 Daymond Langkow          Brenden Morrow           Jean-Pierre Dumont       60     0   2  3  
 2 Andrew Ebbett            Darcy Hordichuk          Todd Bertuzzi            40     0   2  3  

PowerPlay Defense
   Defense                  Defense                                           Time % Phy DF OF 
 1 Vitaly Vishnevsky        Kurtis Foster                                     60     0   2  3  
 2 Dan Hamhuis              Carlo Colaiacovo                                  40     0   2  3  

Penalty Kill 4 Players Forward 
   Center                   Wing                     Time % Phy DF OF 
 1 Brenden Morrow           Darcy Hordichuk          60     0   3  2  
 2 Daymond Langkow          Jean-Pierre Dumont       40     0   3  2  

Penalty Kill 4 Players Defense
   Defense                  Defense                  Time % Phy DF OF 
 1 Vitaly Vishnevsky        Kurtis Foster            60     0   3  2  
 2 Dan Hamhuis              Carlo Colaiacovo         40     0   3  2  

Penalty Kill - 3 Players Forward 
   Forward                                           Time % Phy DF OF 
 1 Brenden Morrow                                    60     0   3  2  
 2 Darcy Hordichuk                                   40     0   3  2  

Penalty Kill - 3 Players Defense
   Defense                  Defense                  Time % Phy DF OF 
 1 Vitaly Vishnevsky        Kurtis Foster            60     0   3  2  
 2 Dan Hamhuis              Carlo Colaiacovo         40     0   3  2  

4 vs 4 Forward 
   Center                   Wing                     Time % Phy DF OF 
 1 Brenden Morrow           Darcy Hordichuk          60     1   2  2  
 2 Daymond Langkow          Todd Bertuzzi            40     1   2  2  

4 vs 4 Defense
   Defense                  Defense                  Time % Phy DF OF 
 1 Vitaly Vishnevsky        Kurtis Foster            60     1   2  2  
 2 Dan Hamhuis              Carlo Colaiacovo         40     1   2  2  

Last Minutes Offensive
   Center                   Left Wing                Right Wing               Defense                  Defense                  
   Daymond Langkow          Brenden Morrow           Jean-Pierre Dumont       Vitaly Vishnevsky        Kurtis Foster            

Last Minutes Defensive
   Center                   Left Wing                Right Wing               Defense                  Defense                  
   Daymond Langkow          Brenden Morrow           Jean-Pierre Dumont       Vitaly Vishnevsky        Kurtis Foster            

Goaltenders
Starting : Ondrej Pavelec           
Backup : Marty Turco              

Extra Forwards
Normal : Andy McDonald, B.J. Crombeen, Andy Hilbert - PP : Andy McDonald, B.J. Crombeen - PK : Andy Hilbert
Extra Defensemen
Normal : Vladimir Mihalik, Erik Karlsson, Dan Hamhuis - PP : Vladimir Mihalik - PK : Erik Karlsson, Dan Hamhuis
Penalty Shots
Brenden Morrow, Darcy Hordichuk, Daymond Langkow, Jean-Pierre Dumont, Andy McDonald

% Time on Ice - Red Wings

Lines # - Real PCT - Wanted PCT - Time Play
Normal Forward
1 - 32% - 40% - 16:33
2 - 30% - 30% - 15:20
3 - 19% - 20% - 9:35
4 - 20% - 10% - 10:12
Normal Defense
1 - 41% - 40% - 21:08
2 - 31% - 30% - 16:08
3 - 22% - 20% - 11:07
4 - 6% - 10% - 3:17
PP Forward
1 - 57% - 60% - 1:25
2 - 43% - 40% - 1:03
PP Defense
1 - 44% - 60% - 1:05
2 - 56% - 40% - 1:23
PK Forward
1 - 79% - 60% - 3:44
2 - 21% - 40% - 1:01
PK Defense
1 - 67% - 60% - 3:12
2 - 33% - 40% - 1:33
PK3 Forward
1 - 0% - 60%
2 - 0% - 40%
PK3 Defense
1 - 0% - 60%
2 - 0% - 40%
44 Forward
1 - 0% - 60%
2 - 0% - 40%
44 Defense
1 - 0% - 60%
2 - 0% - 40%
Last Minute Offensive  - 0:00
Last Minute Defensive  - 1:07
Total
Forward - 60:00
Defense - 60:00

% Time on Ice - Senateurs

Lines # - Real PCT - Wanted PCT - Time Play
Normal Forward
1 - 32% - 39% - 16:37
2 - 25% - 29% - 12:50
3 - 22% - 20% - 11:19
4 - 21% - 12% - 10:55
Normal Defense
1 - 39% - 40% - 19:56
2 - 31% - 30% - 15:49
3 - 25% - 20% - 13:10
4 - 5% - 10% - 2:46
PP Forward
1 - 54% - 60% - 2:34
2 - 46% - 40% - 2:11
PP Defense
1 - 61% - 60% - 2:53
2 - 39% - 40% - 1:52
PK Forward
1 - 80% - 60% - 1:59
2 - 20% - 40% - 0:29
PK Defense
1 - 70% - 60% - 1:43
2 - 30% - 40% - 0:45
PK3 Forward
1 - 0% - 60%
2 - 0% - 40%
PK3 Defense
1 - 0% - 60%
2 - 0% - 40%
44 Forward
1 - 0% - 60%
2 - 0% - 40%
44 Defense
1 - 0% - 60%
2 - 0% - 40%
Last Minute Offensive  - 1:06
Last Minute Defensive  - 0:00
Total
Forward - 60:00
Defense - 60:00

Play by Play

1st period


0:01 of 1st period - Daymond Langkow wins face-off versus Jason Spezza in neutral zone.
0:12 of 1st period - Daymond Langkow is hit by Shea Weber and loses puck.
0:25 of 1st period - Vitaly Vishnevsky is hit by Mike Richards and loses puck.
1:50 of 1st period - Off-side.
1:51 of 1st period - Andrew Ebbett wins face-off versus Mike Richards in neutral zone.
1:54 of 1st period - Wrist shot by Todd Bertuzzi.
1:54 of 1st period - Shot Blocked by Maxim Kondratiev.
2:02 of 1st period - Snap shot by Ales Hemsky.
2:02 of 1st period - Shot Misses the Net.
3:10 of 1st period - Wrist shot by Brandon Dubinsky.
3:10 of 1st period - Shot Misses the Net.
3:20 of 1st period - Wrist shot by Brenden Morrow.
3:20 of 1st period - Stopped by Jonathan Quick with a rebound.
3:24 of 1st period - Snap shot by Daymond Langkow.
3:24 of 1st period - Stopped by Jonathan Quick with a rebound.
4:17 of 1st period - Minor Penalty to Darcy Hordichuk for Hooking.
4:18 of 1st period - Andy Hilbert wins face-off versus Jason Spezza in Senateurs zone.
4:18 of 1st period - Andy Hilbert is hit by Richard Jackman.
4:30 of 1st period - Wrist shot by Andy Hilbert.
4:30 of 1st period - Shot Blocked by Jason Spezza.
4:44 of 1st period - Kurtis Foster is hit by Richard Jackman and loses puck.
5:57 of 1st period - Mike Richards is hit by Brenden Morrow and loses puck.
6:17 of 1st period - Penalty to Darcy Hordichuk is over, Darcy Hordichuk is back on ice.
7:08 of 1st period - Daymond Langkow is hit by Alex Picard and loses puck.
7:43 of 1st period - Robert Dome is hit by Ales Kotalik and loses puck.
8:36 of 1st period - Darcy Hordichuk is hit by Ossi Vaananen and loses puck.
8:47 of 1st period - Sean Bergenheim is hit by Brenden Morrow and loses puck.
9:46 of 1st period - Mike Richards is hit by Darcy Hordichuk and loses puck.
9:53 of 1st period - Darcy Hordichuk is hit by Maxim Kondratiev and loses puck.
10:06 of 1st period - Brenden Morrow is hit by Robert Dome and loses puck.
10:24 of 1st period - Alex Picard is hit by Andrew Ebbett and loses puck.
11:00 of 1st period - Vitaly Vishnevsky is hit by Ossi Vaananen.
11:16 of 1st period - Brenden Morrow is hit by Jason Spezza and loses puck.
11:40 of 1st period - Richard Jackman is hit by Andy Hilbert and loses puck.
12:06 of 1st period - Erik Karlsson is hit by Martin Havlat and loses puck.
12:41 of 1st period - Icing by Jason Spezza.
12:42 of 1st period - Brenden Morrow wins face-off versus Jason Spezza in Red Wings zone.
13:11 of 1st period - Slapshot by Martin Havlat.
13:11 of 1st period - Shot Blocked by Vitaly Vishnevsky.
13:24 of 1st period - Off-side.
13:25 of 1st period - Brandon Dubinsky wins face-off versus Mike Richards in neutral zone.
13:36 of 1st period - Slapshot by Andy Hilbert.
13:36 of 1st period - Stopped by Jonathan Quick without a rebound.
13:37 of 1st period - Daymond Langkow wins face-off versus Mike Richards in Red Wings zone.
13:50 of 1st period - Snap shot by Mike Richards.
13:50 of 1st period - Shot Misses the Net.
13:52 of 1st period - Snap shot by Shea Weber.
13:52 of 1st period - Deflect By Jean-Pierre Dumont.
13:52 of 1st period - Stopped by Ondrej Pavelec without a rebound.
13:53 of 1st period - Shawn Horcoff wins face-off versus Andy McDonald in Senateurs zone.
14:04 of 1st period - Alex Picard is hit by Todd Bertuzzi and loses puck.
14:09 of 1st period - Slapshot by Andy McDonald.
14:09 of 1st period - Stopped by Jonathan Quick with a rebound.
14:19 of 1st period - Paul Martin is hit by Brenden Morrow and loses puck.
14:26 of 1st period - Brenden Morrow is hit by Sean Bergenheim.
14:42 of 1st period - Snap shot by Brandon Dubinsky.
14:42 of 1st period - Stopped by Jonathan Quick with a rebound.
14:48 of 1st period - Backhand shot by Ales Kotalik.
14:48 of 1st period - Shot Misses the Net.
14:50 of 1st period - Snap shot by Vitaly Vishnevsky.
14:50 of 1st period - Stopped by Jonathan Quick with a rebound.
14:52 of 1st period - Slapshot by Ales Kotalik.
14:52 of 1st period - Stopped by Jonathan Quick with a rebound.
15:01 of 1st period - Icing by Jason Spezza.
15:02 of 1st period - Jason Spezza wins face-off versus Olli Jokinen in Red Wings zone.
15:13 of 1st period - Backhand shot by Jason Spezza.
15:13 of 1st period - Stopped by Ondrej Pavelec with a rebound.
16:16 of 1st period - Snap shot by Brandon Dubinsky.
16:16 of 1st period - Deflect By Paul Martin.
16:16 of 1st period - Stopped by Jonathan Quick with a rebound.
16:18 of 1st period - Wrist shot by Andy Hilbert.
16:18 of 1st period - Deflect By Shea Weber.
16:18 of 1st period - Goal by Andy Hilbert - Red Wings : 0 - Senateurs : 1.
16:19 of 1st period - Daymond Langkow wins face-off versus Jason Spezza in neutral zone.
16:24 of 1st period - Slapshot by Brenden Morrow.
16:24 of 1st period - Shot Misses the Net.
16:50 of 1st period - Andy McDonald is hit by Richard Jackman and loses puck.
17:56 of 1st period - Snap shot by Jason Spezza.
17:56 of 1st period - Stopped by Ondrej Pavelec without a rebound.
17:57 of 1st period - Andrew Ebbett wins face-off versus Mike Richards in Senateurs zone.
18:07 of 1st period - Wrist shot by Sean Bergenheim.
18:07 of 1st period - Shot Misses the Net.
18:09 of 1st period - Wrist shot by Ales Hemsky.
18:09 of 1st period - Stopped by Ondrej Pavelec without a rebound.
18:10 of 1st period - Daymond Langkow wins face-off versus Jason Spezza in Senateurs zone.
18:23 of 1st period - Wrist shot by Jason Spezza.
18:23 of 1st period - Goal by Jason Spezza - Red Wings : 1 - Senateurs : 1.
18:24 of 1st period - Jason Spezza wins face-off versus Daymond Langkow in neutral zone.
18:29 of 1st period - Slapshot by Martin Havlat.
18:29 of 1st period - Stopped by Ondrej Pavelec without a rebound.
18:30 of 1st period - Daymond Langkow wins face-off versus Martin Havlat in Senateurs zone.
19:15 of 1st period - Slapshot by Shea Weber.
19:15 of 1st period - Shot Misses the Net.
19:17 of 1st period - Slapshot by Shea Weber.
19:17 of 1st period - Deflect By B.J. Crombeen.
19:17 of 1st period - Stopped by Ondrej Pavelec with a rebound.
19:35 of 1st period - Carlo Colaiacovo is hit by Nate Thompson and loses puck.
19:39 of 1st period - Icing by Dan Hamhuis.
19:40 of 1st period - Nate Thompson wins face-off versus Brandon Dubinsky in Senateurs zone.
19:51 of 1st period - Snap shot by Robert Dome.
19:51 of 1st period - Stopped by Ondrej Pavelec with a rebound.
Goals for this period are 1 for Red Wings vs 1 for Senateurs.
Shots for this period are 8 for Red Wings vs 9 for Senateurs.

2nd period


0:01 of 2nd period - Jason Spezza wins face-off versus Daymond Langkow in neutral zone.
0:15 of 2nd period - Kurtis Foster is hit by Martin Havlat and loses puck.
1:12 of 2nd period - Adam Henrique is hit by Andy Hilbert.
1:16 of 2nd period - Snap shot by Andy Hilbert.
1:16 of 2nd period - Stopped by Jonathan Quick without a rebound.
1:17 of 2nd period - Ales Kotalik wins face-off versus Nate Thompson in Red Wings zone.
1:18 of 2nd period - Wrist shot by Andy Hilbert.
1:18 of 2nd period - Deflect By Christian Backman.
1:18 of 2nd period - Stopped by Jonathan Quick with a rebound.
1:30 of 2nd period - Snap shot by Robert Dome.
1:30 of 2nd period - Stopped by Ondrej Pavelec with a rebound.
1:32 of 2nd period - Snap shot by Robert Dome.
1:32 of 2nd period - Shot Misses the Net.
1:34 of 2nd period - Wrist shot by Adam Henrique.
1:34 of 2nd period - Shot Blocked by Ales Kotalik.
1:40 of 2nd period - Slapshot by Nate Thompson.
1:40 of 2nd period - Stopped by Ondrej Pavelec with a rebound.
1:42 of 2nd period - Wrist shot by Nate Thompson.
1:42 of 2nd period - Shot Blocked by Carlo Colaiacovo.
1:56 of 2nd period - Slapshot by Robert Dome.
1:56 of 2nd period - Shot Misses the Net.
1:58 of 2nd period - Wrist shot by Nate Thompson.
1:58 of 2nd period - Shot Misses the Net.
2:00 of 2nd period - Slapshot by Shea Weber.
2:00 of 2nd period - Shot Misses the Net.
2:02 of 2nd period - Slapshot by Paul Martin.
2:02 of 2nd period - Deflect By Brandon Dubinsky.
2:02 of 2nd period - Stopped by Ondrej Pavelec with a rebound.
2:04 of 2nd period - Snap shot by Robert Dome.
2:04 of 2nd period - Shot Blocked by Brandon Dubinsky.
2:06 of 2nd period - Backhand shot by Maxim Kondratiev.
2:06 of 2nd period - Shot Misses the Net.
2:08 of 2nd period - Snap shot by Nate Thompson.
2:08 of 2nd period - Shot Blocked by Andy Hilbert.
2:14 of 2nd period - Snap shot by Nate Thompson.
2:14 of 2nd period - Stopped by Ondrej Pavelec without a rebound.
2:15 of 2nd period - Jason Spezza wins face-off versus Daymond Langkow in Senateurs zone.
2:16 of 2nd period - Wrist shot by Martin Havlat.
2:16 of 2nd period - Deflect By Rick Nash.
2:16 of 2nd period - Shot Blocked by Vitaly Vishnevsky.
2:16 of 2nd period - Puck is out of play.
2:17 of 2nd period - Jason Spezza wins face-off versus Daymond Langkow in Senateurs zone.
2:58 of 2nd period - Icing by Kurtis Foster.
2:59 of 2nd period - Shawn Horcoff wins face-off versus Olli Jokinen in Senateurs zone.
3:50 of 2nd period - Backhand shot by Nate Thompson.
3:50 of 2nd period - Shot Blocked by Carlo Colaiacovo.
4:06 of 2nd period - Mike Richards is hit by Brandon Dubinsky and loses puck.
4:15 of 2nd period - Snap shot by Mike Richards.
4:15 of 2nd period - Stopped by Ondrej Pavelec with a rebound.
4:44 of 2nd period - Icing by Daymond Langkow.
4:45 of 2nd period - Jason Spezza wins face-off versus Jean-Pierre Dumont in Senateurs zone.
4:46 of 2nd period - Wrist shot by Rick Nash.
4:46 of 2nd period - Stopped by Ondrej Pavelec without a rebound.
4:47 of 2nd period - Jason Spezza wins face-off versus Daymond Langkow in Senateurs zone.
5:08 of 2nd period - Minor Penalty to Richard Jackman for Roughing.
5:09 of 2nd period - Rick Nash wins face-off versus Jean-Pierre Dumont in Red Wings zone.
5:24 of 2nd period - Vitaly Vishnevsky is hit by Shea Weber and loses puck.
5:37 of 2nd period - Backhand shot by Andrew Ebbett.
5:37 of 2nd period - Stopped by Jonathan Quick without a rebound.
5:38 of 2nd period - Darcy Hordichuk wins face-off versus Rick Nash in Red Wings zone.
5:43 of 2nd period - Snap shot by Andrew Ebbett.
5:43 of 2nd period - Shot Misses the Net.
5:45 of 2nd period - Snap shot by Darcy Hordichuk.
5:45 of 2nd period - Shot Blocked by Christian Backman.
5:47 of 2nd period - Snap shot by Todd Bertuzzi.
5:47 of 2nd period - Stopped by Jonathan Quick with a rebound.
5:49 of 2nd period - Slapshot by Todd Bertuzzi.
5:49 of 2nd period - Stopped by Jonathan Quick without a rebound.
5:50 of 2nd period - Daymond Langkow wins face-off versus Rick Nash in Red Wings zone.
5:55 of 2nd period - Wrist shot by Brenden Morrow.
5:55 of 2nd period - Goal by Brenden Morrow - Red Wings : 1 - Senateurs : 2.
5:56 of 2nd period - Jason Spezza wins face-off versus Daymond Langkow in neutral zone.
6:28 of 2nd period - Wrist shot by Mike Richards.
6:28 of 2nd period - Stopped by Ondrej Pavelec without a rebound.
6:29 of 2nd period - Andrew Ebbett wins face-off versus Jason Spezza in Senateurs zone.
6:36 of 2nd period - Snap shot by Andrew Ebbett.
6:36 of 2nd period - Shot Misses the Net.
6:38 of 2nd period - Wrist shot by Andy McDonald.
6:38 of 2nd period - Stopped by Jonathan Quick without a rebound.
6:39 of 2nd period - Andrew Ebbett wins face-off versus Jason Spezza in Red Wings zone.
6:44 of 2nd period - Wrist shot by Andrew Ebbett.
6:44 of 2nd period - Shot Misses the Net.
6:54 of 2nd period - Wrist shot by Andy McDonald.
6:54 of 2nd period - Stopped by Jonathan Quick without a rebound.
6:55 of 2nd period - Sean Bergenheim wins face-off versus Daymond Langkow in Red Wings zone.
7:08 of 2nd period - Snap shot by Jean-Pierre Dumont.
7:08 of 2nd period - Goal by Jean-Pierre Dumont - Red Wings : 1 - Senateurs : 3.
7:09 of 2nd period - Daymond Langkow wins face-off versus Jason Spezza in neutral zone.
7:12 of 2nd period - Backhand shot by Kurtis Foster.
7:12 of 2nd period - Stopped by Jonathan Quick without a rebound.
7:13 of 2nd period - Daymond Langkow wins face-off versus Jason Spezza in Red Wings zone.
7:24 of 2nd period - Wrist shot by Brenden Morrow.
7:24 of 2nd period - Stopped by Jonathan Quick without a rebound.
7:25 of 2nd period - Daymond Langkow wins face-off versus Jason Spezza in Red Wings zone.
7:50 of 2nd period - Martin Havlat is hit by Olli Jokinen and loses puck.
8:29 of 2nd period - Sean Bergenheim is hit by Andy McDonald and loses puck.
8:52 of 2nd period - Wrist shot by Ales Kotalik.
8:52 of 2nd period - Shot Misses the Net.
10:00 of 2nd period - Erik Karlsson is hit by Richard Jackman and loses puck.
10:05 of 2nd period - Snap shot by Shawn Horcoff.
10:05 of 2nd period - Shot Misses the Net.
10:07 of 2nd period - Snap shot by Mike Brown.
10:07 of 2nd period - Shot Misses the Net.
10:09 of 2nd period - Wrist shot by Alex Picard.
10:09 of 2nd period - Stopped by Ondrej Pavelec with a rebound.
10:11 of 2nd period - Snap shot by Alex Picard.
10:11 of 2nd period - Stopped by Ondrej Pavelec with a rebound.
10:23 of 2nd period - Slapshot by Andy Hilbert.
10:23 of 2nd period - Stopped by Jonathan Quick without a rebound.
10:24 of 2nd period - Ales Kotalik wins face-off versus Nate Thompson in Red Wings zone.
10:35 of 2nd period - Snap shot by Andy Hilbert.
10:35 of 2nd period - Shot Blocked by Maxim Kondratiev.
10:40 of 2nd period - Minor Penalty to Ales Kotalik for Tripping.
10:41 of 2nd period - Brenden Morrow wins face-off versus Jason Spezza in Senateurs zone.
11:09 of 2nd period - Wrist shot by Mike Richards.
11:09 of 2nd period - Deflect By Ales Hemsky.
11:09 of 2nd period - Goal by Ales Hemsky - Red Wings : 2 - Senateurs : 3.
11:10 of 2nd period - Daymond Langkow wins face-off versus Jason Spezza in neutral zone.
11:23 of 2nd period - Slapshot by Martin Havlat.
11:23 of 2nd period - Goal by Martin Havlat - Red Wings : 3 - Senateurs : 3.
11:24 of 2nd period - Daymond Langkow wins face-off versus Jason Spezza in neutral zone.
13:08 of 2nd period - Icing by Andy Hilbert.
13:09 of 2nd period - Jason Spezza wins face-off versus Brandon Dubinsky in Senateurs zone.
13:13 of 2nd period - Icing by Brandon Dubinsky.
13:14 of 2nd period - Brandon Dubinsky wins face-off versus Jason Spezza in Senateurs zone.
13:14 of 2nd period - Brandon Dubinsky is hit by Martin Havlat.
13:19 of 2nd period - Vitaly Vishnevsky is hit by Paul Martin.
13:23 of 2nd period - Snap shot by Andy Hilbert.
13:23 of 2nd period - Goal by Andy Hilbert - Red Wings : 3 - Senateurs : 4.
13:24 of 2nd period - Jason Spezza wins face-off versus Daymond Langkow in neutral zone.
14:14 of 2nd period - Slapshot by Shea Weber.
14:14 of 2nd period - Stopped by Ondrej Pavelec with a rebound.
14:16 of 2nd period - Snap shot by Alex Picard.
14:16 of 2nd period - Deflect By Mike Brown.
14:16 of 2nd period - Goal by Mike Brown - Red Wings : 4 - Senateurs : 4.
14:17 of 2nd period - Daymond Langkow wins face-off versus Jason Spezza in neutral zone.
14:20 of 2nd period - Slapshot by Vitaly Vishnevsky.
14:20 of 2nd period - Shot Misses the Net.
14:53 of 2nd period - Snap shot by Andrew Ebbett.
14:53 of 2nd period - Stopped by Jonathan Quick with a rebound.
15:07 of 2nd period - Wrist shot by Shawn Horcoff.
15:07 of 2nd period - Stopped by Ondrej Pavelec with a rebound.
16:24 of 2nd period - Olli Jokinen is hit by Ossi Vaananen and loses puck.
16:47 of 2nd period - Snap shot by Jean-Pierre Dumont.
16:47 of 2nd period - Shot Hit the Post.
17:07 of 2nd period - Snap shot by Shea Weber.
17:07 of 2nd period - Shot Misses the Net.
18:50 of 2nd period - Adam Henrique is hit by Andy Hilbert and loses puck.
19:18 of 2nd period - Snap shot by Robert Dome.
19:18 of 2nd period - Shot Misses the Net.
19:20 of 2nd period - Snap shot by Adam Henrique.
19:20 of 2nd period - Shot Blocked by Brenden Morrow.
19:44 of 2nd period - Snap shot by Adam Henrique.
19:44 of 2nd period - Shot Misses the Net.
19:52 of 2nd period - Wrist shot by Brenden Morrow.
19:52 of 2nd period - Deflect By Daymond Langkow.
19:52 of 2nd period - Stopped by Jonathan Quick without a rebound.
19:53 of 2nd period - Jason Spezza wins face-off versus Andrew Ebbett in Red Wings zone.
19:58 of 2nd period - Vladimir Mihalik is hit by Rick Nash and loses puck.
Goals for this period are 3 for Red Wings vs 3 for Senateurs.
Shots for this period are 14 for Red Wings vs 15 for Senateurs.

3rd period


0:01 of 3rd period - Jason Spezza wins face-off versus Daymond Langkow in neutral zone.
0:11 of 3rd period - Slapshot by Vitaly Vishnevsky.
0:11 of 3rd period - Deflect By Shea Weber.
0:11 of 3rd period - Stopped by Jonathan Quick without a rebound.
0:12 of 3rd period - Jean-Pierre Dumont wins face-off versus Jason Spezza in Red Wings zone.
0:45 of 3rd period - Slapshot by Mike Richards.
0:45 of 3rd period - Stopped by Ondrej Pavelec with a rebound.
0:47 of 3rd period - Slapshot by Shea Weber.
0:47 of 3rd period - Stopped by Ondrej Pavelec with a rebound.
0:49 of 3rd period - Wrist shot by Mike Richards.
0:49 of 3rd period - Stopped by Ondrej Pavelec with a rebound.
0:51 of 3rd period - Snap shot by Ales Hemsky.
0:51 of 3rd period - Stopped by Ondrej Pavelec with a rebound.
0:53 of 3rd period - Wrist shot by Sean Bergenheim.
0:53 of 3rd period - Shot Blocked by Vitaly Vishnevsky.
2:05 of 3rd period - Icing by Jean-Pierre Dumont.
2:06 of 3rd period - Mike Richards wins face-off versus Andrew Ebbett in Senateurs zone.
2:28 of 3rd period - Icing by Andrew Ebbett.
2:29 of 3rd period - Jason Spezza wins face-off versus Daymond Langkow in Senateurs zone.
2:30 of 3rd period - Backhand shot by Rick Nash.
2:30 of 3rd period - Stopped by Ondrej Pavelec without a rebound.
2:31 of 3rd period - Daymond Langkow wins face-off versus Jason Spezza in Senateurs zone.
2:38 of 3rd period - Snap shot by Jason Spezza.
2:38 of 3rd period - Shot Misses the Net.
2:40 of 3rd period - Snap shot by Jason Spezza.
2:40 of 3rd period - Stopped by Ondrej Pavelec with a rebound.
2:42 of 3rd period - Wrist shot by Jason Spezza.
2:42 of 3rd period - Shot Misses the Net.
2:44 of 3rd period - Snap shot by Martin Havlat.
2:44 of 3rd period - Stopped by Ondrej Pavelec with a rebound.
2:46 of 3rd period - Backhand shot by Jason Spezza.
2:46 of 3rd period - Shot Misses the Net.
4:00 of 3rd period - Wrist shot by Sean Bergenheim.
4:00 of 3rd period - Shot Misses the Net.
4:16 of 3rd period - Minor Penalty to Christian Backman for Roughing.
4:17 of 3rd period - Daymond Langkow wins face-off versus Jason Spezza in Red Wings zone.
6:16 of 3rd period - Penalty to Christian Backman is over, Christian Backman is back on ice.
7:13 of 3rd period - Snap shot by Nate Thompson.
7:13 of 3rd period - Shot Blocked by Dan Hamhuis.
7:49 of 3rd period - Erik Karlsson is hit by Christian Backman and loses puck.
8:29 of 3rd period - Snap shot by Adam Henrique.
8:29 of 3rd period - Goal by Adam Henrique - Red Wings : 5 - Senateurs : 4.
8:30 of 3rd period - Daymond Langkow wins face-off versus Jason Spezza in neutral zone.
8:42 of 3rd period - Minor Penalty to Shea Weber for Tripping.
8:43 of 3rd period - Daymond Langkow wins face-off versus Rick Nash in Red Wings zone.
10:42 of 3rd period - Penalty to Shea Weber is over, Shea Weber is back on ice.
10:58 of 3rd period - Ales Hemsky is hit by Carlo Colaiacovo and loses puck.
12:18 of 3rd period - Shea Weber is hit by Kurtis Foster and loses puck.
12:31 of 3rd period - Wrist shot by Jason Spezza.
12:31 of 3rd period - Shot Misses the Net.
13:29 of 3rd period - B.J. Crombeen is hit by Nate Thompson and loses puck.
13:42 of 3rd period - Vladimir Mihalik is hit by Martin Havlat and loses puck.
14:01 of 3rd period - Christian Backman is hit by Andrew Ebbett and loses puck.
14:18 of 3rd period - Christian Backman is hit by Vladimir Mihalik.
14:27 of 3rd period - Darcy Hordichuk is hit by Shawn Horcoff and loses puck.
15:07 of 3rd period - Andy McDonald is hit by Jason Spezza and loses puck.
15:28 of 3rd period - Daymond Langkow is hit by Adam Henrique and loses puck.
15:56 of 3rd period - Ales Hemsky is hit by Darcy Hordichuk and loses puck.
16:19 of 3rd period - Mike Richards is hit by Carlo Colaiacovo and loses puck.
16:34 of 3rd period - Rick Nash is hit by Erik Karlsson and loses puck.
16:58 of 3rd period - Sean Bergenheim is hit by Todd Bertuzzi and loses puck.
18:35 of 3rd period - Mike Richards is hit by Vitaly Vishnevsky and loses puck.
18:43 of 3rd period - Snap shot by B.J. Crombeen.
18:43 of 3rd period - Stopped by Jonathan Quick with a rebound.
18:45 of 3rd period - Senateurs, Ondrej Pavelec is pulled from the net.
18:45 of 3rd period - Wrist shot by Olli Jokinen.
18:45 of 3rd period - Shot Misses the Net.
18:59 of 3rd period - Richard Jackman is hit by Jean-Pierre Dumont and loses puck.
19:04 of 3rd period - Wrist shot by Jean-Pierre Dumont.
19:04 of 3rd period - Shot Misses the Net.
19:06 of 3rd period - Snap shot by Jean-Pierre Dumont.
19:06 of 3rd period - Shot Misses the Net.
19:20 of 3rd period - Snap shot by Brenden Morrow.
19:20 of 3rd period - Shot Blocked by Adam Henrique.
19:22 of 3rd period - Snap shot by Jean-Pierre Dumont.
19:22 of 3rd period - Shot Blocked by Paul Martin.
19:24 of 3rd period - Snap shot by Jean-Pierre Dumont.
19:24 of 3rd period - Stopped by Jonathan Quick with a rebound.
19:32 of 3rd period - Wrist shot by Jean-Pierre Dumont.
19:32 of 3rd period - Shot Hit the Post.
19:34 of 3rd period - Snap shot by Erik Karlsson.
19:34 of 3rd period - Shot Misses the Net.
19:36 of 3rd period - Slapshot by Dan Hamhuis.
19:36 of 3rd period - Shot Blocked by Paul Martin.
19:44 of 3rd period - Wrist shot by Brenden Morrow.
19:44 of 3rd period - Shot Misses the Net.
19:46 of 3rd period - Snap shot by Erik Karlsson.
19:46 of 3rd period - Shot Blocked by Rick Nash.
19:48 of 3rd period - Slapshot by Erik Karlsson.
19:48 of 3rd period - Stopped by Jonathan Quick without a rebound.
19:49 of 3rd period - Larry Robinson call a timeout for Senateurs.
19:49 of 3rd period - Daymond Langkow wins face-off versus Jason Spezza in Red Wings zone.
19:54 of 3rd period - Slapshot by Jean-Pierre Dumont.
19:54 of 3rd period - Stopped by Jonathan Quick with a rebound.
19:56 of 3rd period - Wrist shot by Brenden Morrow.
19:56 of 3rd period - Stopped by Jonathan Quick with a rebound.
Goals for this period are 1 for Red Wings vs 0 for Senateurs.
Shots for this period are 8 for Red Wings vs 6 for Senateurs.